Map: Odyssey LE

Players

Zanster - Winner!

  • Race: Zerg Zerg
  • Spawn Location: 5:00

Nice

  • Race: Protoss Protoss
  • Spawn Location: 11:00

Event: WCS Valencia 2017

VOD

Have the link to the VOD?

Description

Time

  • Played on: July 13, 2017, 12:53 p.m.
  • Length: 16:16

All games in this series

Show
View Real Time Build Order
Export as new Build Order

Zanster Zerg - Winner!

Build Orders: Hatch First 

Get SALT Encoding   

  12  0:00  Drone  
  13  0:13  Overlord  
  13  0:17  Drone  
  14  0:31  Drone x2  
  14  0:35  Drone  
  17  0:53  Hatchery  
  17  0:54  Drone  
  17  0:58  Drone  
  18  1:09  Extractor  
  17  1:13  Spawning Pool  
  17  1:15  Drone  
  17  1:18  Drone  
  18  1:28  Drone  
  19  1:39  Drone  
  20  1:50  Overlord  
  20  2:00  Queen  
  22  2:04  Queen  
  22  2:05  Zergling x4  
  26  2:09  Metabolic Boost  
  26  2:11  Zergling x2  
  27  2:16  Drone  
  28  2:25  Drone  
  29  2:32  Drone  
  29  2:33  Drone  
  31  2:37  Drone  
  31  2:43  Hatchery  
  31  2:44  Drone  
  31  2:49  Queen  
  34  2:54  Overlord  
  34  3:00  Drone  
  34  3:01  Drone  
  36  3:13  Drone x6  
  36  3:15  Drone  
  36  3:17  Drone  
  44  3:23  Overlord  
  44  3:27  Spore Crawler  
  44  3:34  Spore Crawler  
  41  3:35  Drone x3  
  46  3:44  Drone x3  
  46  3:46  Roach Warren  
  46  3:48  Drone x4  
  50  3:54  Extractor  
  50  3:55  Lair  
  51  3:57  Drone  
  51  3:59  Overlord  
  51  4:02  Drone  
  53  4:11  Drone x3  
  53  4:13  Drone  
  53  4:14  Drone, Overlord  
  58  4:25  Extractor, Overlord  
  58  4:26  Roach  
  58  4:27  Roach x3  
  65  4:34  Roach x2  
  65  4:36  Roach  
  71  4:39  Overlord  
  71  4:41  Roach  
  73  4:48  Drone x7  
  79  4:53  Overseer  
  79  4:54  Overlord  
  79  5:00  Drone x5  
  84  5:07  Queen  
  84  5:10  Roach x2  
  84  5:12  Glial Reconstitution  
  84  5:14  Overlord  
  86  5:15  Drone x5  
  86  5:18  Overlord  
  91  5:24  Extractor  
  91  5:27  Overseer  
  90  5:31  Roach x3  
  90  5:33  Overlord  
  94  5:39  Extractor  
  94  5:40  Evolution Chamber  
  94  5:41  Roach x2  
  94  5:42  Evolution Chamber, Overlord  
  94  5:46  Queen  
  90  5:50  Extractor  
  90  5:52  Roach x3  
  95  5:59  Roach x6  
  95  6:01  Overlord  
  107  6:09  Roach x4  
  107  6:13  Roach  
  102  6:19  Roach x3  
  102  6:22  Roach  
  104  6:32  Roach x4  
  110  6:35  Queen  
  112  6:41  Overlord  
  112  6:47  Zerg Missile Weapons Level 1  
  112  6:50  Overseer  
  112  6:53  Drone x6  
  112  6:54  Overseer  
  118  6:57  Zerg Melee Weapons Level 1  
  118  6:59  Drone  
  119  7:04  Hatchery, Overlord  
  118  7:10  Drone x2  
  118  7:12  Hatchery, Drone  
  118  7:14  Hydralisk Den  
  119  7:16  Overlord  
  119  7:21  Roach x5  
  117  7:28  Roach  
  117  7:29  Roach x4  
  127  7:33  Overlord  
  127  7:43  Overlord  
  127  7:52  Hydralisk x6  
  127  7:55  Muscular Augments  
  127  7:58  Baneling Nest  
  138  8:01  Hydralisk x4  
  138  8:03  Zergling x2  
  145  8:07  Zergling x8  
  145  8:10  Ravager x2  
  145  8:11  Zergling x2  
  152  8:15  Ravager  
  152  8:16  Zergling x4  
  152  8:18  Queen  
  157  8:21  Overlord  
  157  8:26  Ravager  
  157  8:27  Ravager  
  159  8:32  Zergling x12  
  159  8:33  Zergling x2  
  159  8:34  Zergling x2  
  167  8:41  Ravager  
  167  8:42  Ravager x3  
  167  8:44  Zergling x2  
  167  8:45  Hatchery, Zergling x8  
  175  8:49  Overlord  
  175  8:57  Baneling x10  
  175  9:00  Overlord  
  175  9:06  Centrifical Hooks  
  175  9:14  Zergling x18  
  184  9:22  Hatchery  
  184  9:23  Zergling x2  
  184  9:24  Zergling x12  
  190  9:29  Zerg Missile Weapons Level 2  
  190  9:30  Zerg Melee Weapons Level 2  
  190  9:35  Overlord  
  190  9:36  Infestation Pit  
  189  9:46  Zergling x6  
  189  9:48  Overlord  
  192  9:55  Drone x8  
  200  10:00  Pneumatized Carapace  
  197  10:32  Hive  
  197  10:34  Spire, Drone x4  
  200  10:39  Spine Crawler  
  200  10:40  Overseer, Spine Crawler  
  198  10:47  Baneling  
  198  10:48  Baneling x11  
  197  10:52  Baneling x5  
  197  10:56  Drone  
  192  10:57  Drone x7  
  195  11:20  Hatchery  
  195  11:25  Extractor  
  193  11:26  Extractor  
  192  11:36  Drone  
  192  11:37  Hatchery  
  192  11:44  Zergling x6  
  192  11:45  Zergling x10  
  199  11:51  Zerg Melee Weapons Level 3, Zerg Missile Weapons Level 3, Greater Spire  
  199  11:53  Adrenal Glands  
  199  11:58  Spine Crawler  
  199  11:59  Drone  
  199  12:00  Spine Crawler  
  198  12:01  Spore Crawler  
  198  12:02  Spine Crawler  
  178  12:30  Corruptor x10  
  178  12:31  Corruptor  
  178  12:32  Overlord x8  
  195  12:40  Overlord  
  186  12:51  Corruptor x2  
  184  12:58  Zergling x18  
  189  13:06  Brood Lord x6  
  198  13:23  Brood Lord  
  198  13:24  Spine Crawler x2  
  198  13:28  Extractor, Zergling x2, Brood Lord  
  190  13:46  Brood Lord x3  
  195  13:53  Brood Lord  
  196  14:00  Zergling x2, Brood Lord  
  196  14:01  Zergling x2  
  198  14:03  Overseer  
  182  14:12  Corruptor  
  182  14:14  Zergling x24  
  187  14:19  Corruptor  
  187  14:21  Zergling x6  
  187  14:22  Zergling x14  
  193  14:27  Hatchery  
  192  14:37  Corruptor x3  
  198  14:50  Zergling x28  
  198  15:07  Brood Lord x2  
  198  15:09  Zergling x8  
  194  15:17  Extractor  
  193  15:24  Baneling x8  
  193  15:39  Brood Lord  
  193  15:43  Zergling x12  
Show
View Real Time Build Order
Export as new Build Order

Nice Protoss 

Build Orders: 1 Gate Expand, Zealot Archon, Dark Templar Rush 

Get SALT Encoding   

  12  0:00  Probe (Chrono Boost)  
  13  0:11  Probe (Chrono Boost)  
  14  0:18  Pylon  
  14  0:22  Probe (Chrono Boost)  
  15  0:36  Probe (Chrono Boost)  
  15  0:39  Gateway  
  16  0:47  Probe (Chrono Boost)  
  16  0:48  Assimilator  
  17  0:57  Probe (Chrono Boost)  
  18  1:08  Probe (Chrono Boost)  
  20  1:18  Probe (Chrono Boost)  
  20  1:26  Nexus  
  20  1:33  Cybernetics Core  
  20  1:36  Probe (Chrono Boost)  
  21  1:41  Assimilator  
  21  1:47  Probe (Chrono Boost)  
  22  1:57  Pylon, Probe (Chrono Boost)  
  23  2:10  Warp Gate  
  23  2:15  Probe, Adept (Chrono Boost)  
  26  2:26  Pylon  
  26  2:27  Mothership Core (Chrono Boost)  
  28  2:38  Probe (Chrono Boost)  
  28  2:41  Twilight Council  
  29  2:48  Probe (Chrono Boost)  
  29  2:49  Probe (Chrono Boost)  
  31  2:58  Probe (Chrono Boost)  
  31  3:00  Probe (Chrono Boost), Robotics Facility  
  33  3:09  Probe (Chrono Boost)  
  33  3:10  Probe (Chrono Boost)  
  36  3:20  Probe (Chrono Boost)  
  36  3:21  Probe (Chrono Boost)  
  36  3:25  Dark Shrine  
  37  3:30  Probe (Chrono Boost)  
  37  3:31  Probe (Chrono Boost)  
  39  3:40  Probe (Chrono Boost)  
  40  3:42  Probe (Chrono Boost)  
  40  3:46  Gateway  
  39  3:49  Gateway  
  39  3:50  Probe (Chrono Boost), Gateway  
  39  3:51  Warp Prism (Chrono Boost)  
  42  4:03  Pylon, Assimilator  
  42  4:04  Probe  
  42  4:05  Assimilator  
  42  4:07  Pylon  
  42  4:08  Probe  
  44  4:15  Probe  
  45  4:20  Probe (Chrono Boost)  
  45  4:22  Pylon  
  46  4:24  Zealot  
  46  4:27  Probe (Chrono Boost)  
  49  4:32  Probe (Chrono Boost)  
  50  4:44  Dark Templar x2  
  50  4:45  Dark Templar x2  
  56  4:46  Probe (Chrono Boost)  
  56  4:51  Dark Templar  
  56  4:52  Probe (Chrono Boost)  
  60  4:53  Charge (Chrono Boost)  
  60  5:01  Pylon  
  60  5:16  Pylon  
  60  5:19  Zealot, Archon  
  60  5:20  Zealot, Archon  
  64  5:21  Zealot  
  64  5:25  Pylon  
  64  5:26  Probe  
  64  5:28  Probe  
  67  5:31  Zealot  
  69  5:35  Immortal (Chrono Boost)  
  69  5:38  Probe  
  74  5:54  Zealot x4  
  82  6:08  Immortal  
  78  6:13  Nexus  
  78  6:17  Zealot x2  
  74  6:28  Sentry x4  
  74  6:30  Probe x2  
  78  6:37  Gateway  
  78  6:38  Gateway  
  78  6:42  Pylon, Gateway, Immortal  
  78  6:43  Gateway  
  78  6:44  Probe  
  78  6:45  Pylon  
  78  6:46  Probe  
  84  6:55  Zealot  
  84  6:58  Dark Templar x2  
  84  6:59  Sentry  
  92  7:03  Archon  
  92  7:07  Pylon  
  92  7:16  Warp Prism  
  94  7:25  Dark Templar x2  
  94  7:28  Pylon  
  94  7:29  Archon  
  98  7:36  Dark Templar x3  
  104  7:39  Dark Templar  
  104  7:40  Archon  
  104  7:43  Archon  
  106  7:47  Zealot x2  
  110  7:54  Observer  
  110  7:56  Pylon  
  109  8:08  Zealot x7  
  109  8:11  Zealot  
  125  8:35  Dark Templar x4  
  125  8:36  Zealot x3  
  125  8:37  Zealot  
  139  8:44  Pylon  
  139  8:45  Archon  
  139  8:46  Pylon, Archon  
  139  9:01  Probe x3  
  139  9:02  Robotics Bay  
  141  9:03  Assimilator x2  
  141  9:07  Forge  
  141  9:17  Pylon, Robotics Facility  
  139  9:32  Immortal (Chrono Boost)  
  139  9:33  Protoss Ground Weapons Level 1 (Chrono Boost)  
  143  9:53  Blink (Chrono Boost)  
  143  10:05  Dark Templar x2  
  143  10:06  Dark Templar  
  149  10:11  Nexus  
  149  10:13  Pylon  
  152  10:14  Zealot x2  
  152  10:15  Zealot x3  
  152  10:20  Colossus x2 (Chrono Boost)  
  149  10:36  Extended Thermal Lance (Chrono Boost)  
  149  10:54  Photon Cannon x2  
  149  10:56  Photon Cannon  
  149  10:57  Pylon  
  149  11:01  Dark Templar  
  145  11:05  Colossus x2  
  139  11:12  Archon  
  139  11:13  Archon  
  139  11:16  Stalker x3  
  153  11:26  Zealot  
  153  11:27  Zealot x3  
  159  11:36  Probe x4  
  163  11:41  Zealot  
  157  11:48  Photon Cannon, Pylon  
  157  11:52  Zealot, Photon Cannon  
  159  11:54  Dark Templar, Warp Prism  
  159  11:57  Observer  
  164  12:01  Zealot  
  164  12:03  Sentry  
  164  12:04  Sentry x3  
  164  12:08  Protoss Ground Weapons Level 2 (Chrono Boost)  
  168  12:17  Dark Templar x2  
  172  12:28  Dark Templar  
  170  12:32  Dark Templar  
  166  12:40  Zealot x2  
  166  12:43  Probe x2  
  168  12:46  Pylon  
  168  12:47  Pylon, Archon  
  164  13:09  Stalker x6  
  164  13:10  Stalker x2  
  180  13:37  Stalker x2  
  180  13:38  Stalker x3  
  189  13:43  Stalker x3  
  187  13:50  Colossus  
  183  14:02  Zealot x4  
  169  14:20  Stalker x4  
  177  14:24  Stalker x4  
  181  14:31  Pylon  
  181  14:32  Pylon  
  181  14:37  Photon Cannon  
  163  14:52  Zealot  
  163  14:53  Zealot x6  
  163  14:57  Templar Archives  
  163  15:01  Zealot x3  
  151  15:20  Stalker x3  
  151  15:21  Stalker x3  
  159  15:26  Sentry x2  
  167  15:29  Photon Cannon  
  124  15:58  Zealot x2  
  124  15:59  Zealot x5  
  134  16:04  Dark Templar  
Tags
 
Add a new tag
Caveats
  • Supply blocks, unpowered buildings, or Contaminate may cause inaccurate times.
  • Supply counts are checked every 10 seconds.